 Dungeon Crawl Stone Soup version 0.23-a0-422-g30b1108 (webtiles) character file.

30 galech the Skirmisher (level 3, 27/29 HPs)
             Began as a Demonspawn Fighter on Nov 14, 2018.
             Quit the game on level 1 of the Dungeon.
             The game lasted 00:00:39 (458 turns).

galech the Skirmisher (Demonspawn Fighter)           Turns: 458, Time: 00:00:40

Health: 27/29      AC:  8    Str: 16    XL:     3   Next: 5%
Magic:  12/12      EV:  7    Int:  9    God:
Gold:   36         SH:  8    Dex: 13    Spells: 2/2 levels left

rFire    . . .     SeeInvis .   a - +0 war axe
rCold    . . .     Gourm    .   c - +0 shield
rNeg     . . .     Faith    .   b - +0 scale mail
rPois    .         Spirit   .   (no helmet)
rElec    .         Reflect  .   (no cloak)
rCorr    .         Harm     .   (no gloves)
MR       .....                  (no boots)
Stlth    +.........             (no amulet)
HPRegen  0.09/turn              i - ring of magical power
MPRegen  0.13/turn              (no ring)

@: no status effects
A: thin metallic scales 1, nightstalker 1
a: no special abilities


You were on level 1 of the Dungeon.
You were not hungry.

You visited 1 branch of the dungeon, and saw 1 of its levels.

You collected 36 gold pieces.

Inventory:

Hand Weapons
 a - a +0 war axe (weapon)
Armour
 b - a +0 scale mail (worn)
 c - a +0 shield (worn)
Jewellery
 i - a ring of magical power (left hand)
Scrolls
 e - 2 scrolls of amnesia {unknown}
 h - a scroll of identify {unknown}
 j - a scroll of enchant armour {unknown}
Potions
 d - a potion of might
Comestibles
 f - a ration
 g - 5 chunks of flesh


   Skills:
 + Level 3.3 Fighting
 + Level 2.3 Axes
 + Level 2.9 Armour
 + Level 0.3 Dodging
 + Level 2.8 Shields


You had 2 spell levels left.
You didn't know any spells.
Your spell library was empty.

Dungeon Overview and Level Annotations

Branches:
Dungeon (1/15)

Altars:


Innate Abilities, Weirdness & Mutations

You are partially covered in thin metallic scales. (AC +2)
You are slightly more attuned to the shadows.


Message History

You block the bat's attack.
You closely miss the bat. The bat hits you but does no damage.
Your shield prevents you from hitting the bat.
The bat hits you but does no damage.
Some of the chunks of flesh in your inventory have rotted away.
You slash the bat!
You kill the bat!
No target in view!
No target in view!
No target in view!
No target in view!
No target in view!
No target in view!
No target in view!
No target in view!
No target in view!
No target in view!
No target in view!
No target in view!
Are you sure you want to abandon this character and quit the game? (Confirm

#.#.#.#
..#.......####
###.###
##.....#.รท..###
.......
..........)....#
.......
.........##.##.#
###.##
###......#.#.#
.# # #
........#...#
###.###
##.#....#...#
.......
..#....##.##.#
#######
#...@..#...# #
#.........## #
#.........# #
#........... #
#.......##### #
........... #
#.........### #
...>..)....


There were no monsters in sight!

Vanquished Creatures
  A dart slug (D:1)
  A leopard gecko (D:1)
  2 giant cockroaches (D:1)
  3 goblins (D:1)
  8 hobgoblins (D:1)
  6 bats (D:1)
  3 kobolds (D:1)
24 creatures vanquished.

Notes
Turn   | Place    | Note
-------+----------+-------------------------------------------
     0 | D:1      | galech the Demonspawn Fighter began the quest for the Orb.
     0 | D:1      | Reached XP level 1. HP: 18/18 MP: 1/1
   118 | D:1      | Gained mutation: You are partially covered in thin metallic
                  | scales. (AC +2) [demonic ancestry]
   118 | D:1      | Reached XP level 2. HP: 23/24 MP: 2/2
   450 | D:1      | Gained mutation: You are slightly more attuned to the
                  | shadows. [demonic ancestry]
   450 | D:1      | Reached XP level 3. HP: 26/29 MP: 3/3
   458 | D:1      | Quit the game

Vault maps used:
D:1:      lightli_arrival_noodles, minmay_misc_feat_nine_boxes, minmay_distorted

Skill      XL: |  1 |
---------------+----+-----
Axes           | 2 |  2.3
Fighting       | |  3.3
Armour         | |  2.9
Dodging        | |  0.3
Shields        | |  2.8

Action                   || total
-------------------------++-------
Melee: War axe           ||    84
Armor: Scale mail        ||    67
Dodge: Dodged            ||    28
Block: Shield            ||    58

Table legend:
 A = Non-vault XP
 B = Vault XP
 C = Vault XP percentage of total XP
 D = Non-vault monster count
 E = Vault monster count
 F = Vault count percentage of total count
                 A         B        C        D         E       F
            +---------+---------+-------+---------+---------+-------
      Total |      37 |       7 |  15.9 |      21 |       3 |  12.5
            +---------+---------+-------+---------+---------+-------
        D:1 |      37 |       7 |  15.9 |      21 |       3 |  12.5
            +---------+---------+-------+---------+---------+-------
